 Dungeon Crawl Stone Soup version 0.21.1-1-g345015f (webtiles) character file.

172 Mirai the Sneak (level 5, 0/28 HPs)
             Began as a Kobold Enchanter on Apr 24, 2018.
             Slain by a leopard gecko (3 damage)
             ... on level 3 of the Dungeon.
             The game lasted 00:11:45 (2845 turns).

Mirai the Sneak (Kobold Enchanter)                  Turns: 2845, Time: 00:11:45

Health: 0/28       AC:  4    Str: 10    XL:     5   Next: 83%
Magic:  3/9        EV: 16    Int: 17    God:
Gold:   95         SH:  0    Dex: 16    Spells: 4/10 levels left

rFire    . . .     SeeInvis .   a - +1 dagger
rCold    . . .     Gourm    .   (shield restricted)
rNeg     . . .     Faith    .   b - +0 robe
rPois    .         Spirit   .   (no helmet)
rElec    .         Reflect  .   (no cloak)
rCorr    .         Harm     .   (no gloves)
MR       .....                  e - +0 pair of boots
Stlth    +++.......             (no amulet)
HPRegen  0.09/turn              x - +3 ring of slaying
MPRegen  0.11/turn              p - +1 ring of protection

@: mighty
A: small, hooves 1, carnivore, evolution 1
a: no special abilities


You were on level 3 of the Dungeon.
You were completely stuffed.

You visited 1 branch of the dungeon, and saw 4 of its levels.

You collected 95 gold pieces.

Inventory:

Hand Weapons
 a - a +1 dagger (weapon)
Armour
 b - a +0 robe (worn)
 e - a +0 pair of boots (worn)
 f - a +0 leather armour
Jewellery
 p - a +1 ring of protection (right hand)
 u - an uncursed ring of flight
 x - a +3 ring of slaying (left hand)
Wands
 r - a wand of random effects (29)
Scrolls
 g - 2 scrolls of magic mapping
 h - 3 scrolls of identify
 k - 3 scrolls of remove curse
 o - a scroll of fog {unknown}
 s - a scroll of blinking {unknown}
 t - 2 scrolls of teleportation {unknown}
 w - a scroll of fear {unknown}
 y - a scroll of enchant weapon {unknown}
Potions
 m - 2 potions of cancellation
 n - 2 potions of curing {unknown}
Books
 c - a book of Maledictions

   Spells                             Type                      Level
   a - Corona                         Hexes                        1
   b - Ensorcelled Hibernation        Hexes/Ice                    2
   c - Confuse                        Hexes                        3
   d - Tukima's Dance                 Hexes                        3
   e - Dazzling Spray                 Conjuration/Hexes            3
Comestibles
 d - 5 rations


   Skills:
 + Level 3.2 Short Blades
 + Level 3.6 Dodging
 + Level 5.2 Stealth
 + Level 3.1 Spellcasting
 + Level 3.7 Hexes


You had 4 spell levels left.
You knew the following spells:

 Your Spells              Type           Power        Failure   Level  Hunger
a - Corona                Hex            ###....      3%          1    None
b - Ensorcelled Hibernat  Hex/Ice        #.....       12%         2    ##.....
c - Tukima's Dance        Hex            ###.....     11%         3    ###....


Dungeon Overview and Level Annotations

Branches:
Dungeon (4/15)
 Temple: D:4-7

Altars:
Nemelex Xobeh

Annotations:
D:4 Blork the orc


Innate Abilities, Weirdness & Mutations

You are small and have problems with some larger weapons.
You are carnivorous and can eat meat at any time.
You have large cloven feet.
You evolve.


Message History

Casting: Ensorcelled Hibernation
Confirm with . or Enter, or press ? or * to list all spells.
You don't have enough magic to cast that spell.
Blork the orc hits you from afar with a trident!
* * * LOW HITPOINT WARNING * * *
Blork the orc misses you. Blork the orc completely misses you.
Blork the orc hits you from afar with a trident!
* * * LOW HITPOINT WARNING * * *
The leopard gecko closely misses you.
Blork the orc hits you but does no damage.
There is a stone staircase leading up here.
Blork the orc casts a spell.
Blork the orc flickers and vanishes!
Deactivating autopickup; reactivate with Ctrl-A.
The leopard gecko completely misses you.
You climb upwards.
There is a stone staircase leading down here.
You barely miss the leopard gecko. The leopard gecko bites you.
You die...

###...#.#.##.##.#.# #.#
#.......#.#..<#.#.# #.#
#.......#.#.#.#.#.# #.#
#.......#.#.....#.# #.#
#.......#.####..#.# #.########
#.......#.........# #.........
#.......######..################
#...............l...............
#..............@################
####'########......#### ######
#.#.[.)..).........# #.....
#.#)######......##.#####..###
#####...^# #......##........##.
.........# #......##........#..
.........# #......##........#..
.........#############.######....
#####.#............# #.# #.#..


You could see a leopard gecko.

Vanquished Creatures
  2 orc priests (D:3)
  An orc wizard (D:3)
  An adder (D:3)
  2 worms
  2 dart slugs (D:1)
  3 leopard geckos
  7 orcs (D:3)
  3 giant cockroaches
  8 goblins
  3 hobgoblins
  2 jackals (D:4)
  8 bats
  A frilled lizard (D:1)
  7 kobolds
  8 rats
58 creatures vanquished.

Vanquished Creatures (collateral kills)
  An orc (D:3)
1 creature vanquished.

Vanquished Creatures (others)
  A dancing weapon (D:3)
1 creature vanquished.

Grand Total: 60 creatures vanquished

Notes
Turn   | Place    | Note
-------+----------+-------------------------------------------
     0 | D:1      | Mirai the Kobold Enchanter began the quest for the Orb.
     0 | D:1      | Reached XP level 1. HP: 10/10 MP: 3/3
   203 | D:1      | Reached XP level 2. HP: 8/15 MP: 5/5
   508 | D:1      | Learned a level 2 spell: Ensorcelled Hibernation
   752 | D:1      | Reached XP level 3. HP: 14/19 MP: 1/6
  1829 | D:3      | Reached XP level 4. HP: 24/24 MP: 0/8
  2196 | D:3      | Learned a level 3 spell: Tukima's Dance
  2210 | D:3      | Reached XP level 5. HP: 20/28 MP: 1/9
  2346 | D:3      | Reached skill level 5 in Stealth
  2659 | D:3      | Found a sparkling altar of Nemelex Xobeh.
  2803 | D:4      | Noticed Blork the orc
  2819 | D:4      | HP: 1/28 [jackal (2)]
  2822 | D:4      | Gained mutation: You have large cloven feet. [potion of mutation]
  2822 | D:4      | Gained mutation: You evolve. [potion of mutation]
  2845 | D:3      | Slain by a leopard gecko

Skill      XL: |  1  2  3  4  5 |
---------------+----------------+-----
Short Blades   | 2 3 |  3.2
Dodging        | 3 |  3.6
Stealth        | 5 |  5.2
Spellcasting   | 3 |  3.1
Hexes          | |  3.7

Action                   |  1- 3 |  4- 6 || total
-------------------------+-------+-------++-------
Melee: Dagger            |   174 |    76 ||   250
 Cast: Ensorcelled Hiber |     9 |    21 ||    30
       Tukima's Dance    |       |     2 ||     2
       Corona            |       |     1 ||     1
  Use: Scroll            |     3 |       ||     3
       Potion            |       |     4 ||     4
 Stab: Sleeping          |     7 |    12 ||    19
       Distracted        |       |     1 ||     1
  Eat: Chunk             |    12 |     5 ||    17
Armor: Robe              |    40 |    18 ||    58
Dodge: Dodged            |   156 |    88 ||   244
